 Dungeon Crawl Stone Soup version 0.27-a0-262-gc50aac273e (webtiles) character file.

Game seed: 5893453140898113652

236 kae the Ruffian (level 5, -9/42 HPs)
             Began as a Draconian Transmuter on Feb 4, 2021.
             Mangled by Menkaure (19 damage)
             ... on level 4 of the Dungeon.
             The game lasted 00:02:21 (3921 turns).

kae the Ruffian (Draconian Transmuter)              Turns: 3921, Time: 00:02:21

Health: -9/42      AC:  5    Str: 13    XL:     5   Next: 77%
Magic:  9/9        EV: 12    Int: 14    God:
Gold:   189        SH:  0    Dex: 11    Spells: 5/9 levels left

rFire    . . .     SeeInvis .     - Unarmed
rCold    . . .     Faith    .   (no shield)
rNeg     . . .     Spirit   .   (armour unavailable)
rPois    .         Reflect  .   (helmet restricted)
rElec    .         Harm     .   (no cloak)
rCorr    .         Rampage  .   (no gloves)
Will     .....                  (no boots)
Stlth    +.........             (no amulet)
HPRegen  0.14/turn              (no ring)
MPRegen  0.11/turn              (no ring)

@: invisible
A: unfitting armour, cold-blooded, AC +5
a: no special abilities


You were on level 4 of the Dungeon.
You visited 1 branch of the dungeon, and saw 4 of its levels.

You collected 189 gold pieces.

Inventory:

Jewellery
 g - an uncursed ring of poison resistance {unknown}
Wands
 h - a wand of polymorph (4)
Scrolls
 a - 5 scrolls of identify
 c - 4 scrolls of remove curse {unknown}
 d - a scroll of fog {unknown}
 e - a scroll of enchant armour {unknown}
 f - 2 scrolls of enchant weapon {unknown}
 j - a scroll of fear {unknown}
 m - 2 scrolls of teleportation {unknown}
Potions
 b - 2 potions of mutation
 k - 2 potions of curing
 n - a potion of degeneration {unknown}


   Skills:
 + Level 2.6 Fighting
 + Level 2.5 Dodging
 * Level 4.3 Unarmed Combat
 + Level 2.7 Spellcasting
 + Level 2.9 Transmutations
 * Level 1.7 Poison Magic


You had 5 spell levels left.
You knew the following spells:

 Your Spells              Type           Power        Failure   Level
a - Beastly Appendage     Tmut           20%          7%          1
b - Spider Form           Tmut/Pois      4%           26%         3

Your spell library contained the following spells:

 Spells                   Type           Power        Failure   Level
 Wereblood                Tmut           10%          10%         2
 Ice Form                 Ice/Tmut       6%           77%         4
 Blade Hands              Tmut           5%           88%         5


Dungeon Overview and Level Annotations

Branches:
Dungeon (4/15)
 Temple: D:4-7

Altars:
Elyvilon
Wu Jian

Annotations:
D:4 Menkaure


Innate Abilities, Weirdness & Mutations

Your plain brown scales are hard. (AC +5)
You cannot fit into any form of body armour.
You are cold-blooded and may be slowed by cold attacks.


Message History

Menkaure is nearby!
Found a scroll labelled EPUPAC IWEXIS.
You enter the shallow water.
Moving in this stuff is going to be slow.
Menkaure hits you!
Menkaure is nearby!
Menkaure is nearby!
Unknown command.
Okay, then.
Okay, then.
Menkaure hits you!
You hit Menkaure.
Menkaure is lightly damaged.
Menkaure calls on the powers of darkness!
Your body is wracked with pain!
* * * LOW HITPOINT WARNING * * *
It was a potion of invisibility.
You fade into invisibility!
Menkaure hits you!!
You die...

## ###
.###############≈##
...............≈≈≈######
..###.#.#.≈..≈≈≈≈.......
......#..≈≈≈≈≈≈M@....?.#
....###≈≈≈######..####.#
..#...#...######..#
..###.#...........# ..#
#...#########.# ..#
##### .# ..# .# ..# .#
...


You could see Menkaure (fast).

Vanquished Creatures
  An orc priest (D:3)
  Ijyb (D:3)
  An orc wizard (D:3)
  Terence (D:3)
  3 gnolls (D:2)
  3 adders
  An ooze (D:2)
  An adder skeleton (D:4)
  2 worms
  3 dart slugs
  3 orcs (D:3)
  5 bats
  4 giant cockroaches (D:2)
  6 goblins
  4 hobgoblins
  2 jackals (D:2)
  9 kobolds
  2 quokkas
  A ball python (D:1)
  2 frilled lizards
  6 rats
61 creatures vanquished.

Notes
Turn   | Place    | Note
-------+----------+-------------------------------------------
     0 | D:1      | kae the Draconian Transmuter began the quest for the Orb.
     0 | D:1      | Reached XP level 1. HP: 16/16 MP: 3/3
   188 | D:1      | Reached XP level 2. HP: 23/23 MP: 3/5
   847 | D:2      | Reached XP level 3. HP: 24/29 MP: 6/6
  1423 | D:2      | Noticed Terence
  1508 | D:1      | Learned a level 3 spell: Spider Form
  1818 | D:2      | Reached XP level 4. HP: 31/36 MP: 3/7
  1976 | D:2      | Found an ornate altar of the Wu Jian Council.
  2669 | D:3      | Found a white marble altar of Elyvilon.
  2760 | D:3      | Killed Terence
  2761 | D:3      | Reached skill level 4 in Unarmed Combat
  2767 | D:3      | Noticed Ijyb
  2793 | D:3      | Reached skill level 1 in Poison Magic
  2793 | D:3      | Reached XP level 5. HP: 18/42 MP: 8/8
  3375 | D:3      | Killed Ijyb
  3915 | D:4      | Noticed Menkaure
  3921 | D:4      | Mangled by Menkaure

Illustrated notes

Levels and vault maps discovered:
D:1:      minmay_arrival_checkered_box, layout_rooms
D:2:      layout_basic, marbit_many_paths, uniq_terence
D:3:      layout_rooms, elyvilon_altar_3, uniq_ijyb
D:4:      layout_loops_ring, serial_rivers, chequers_serial_rivers_small_3,
          chequers_serial_rivers_micro_b, chequers_serial_rivers_micro_a,
          chequers_serial_rivers_small_a, chequers_serial_rivers_large_b,
          chequers_serial_rivers_room_a, minmay_circle_x, uniq_menkaure

Skill      XL: |  1  2  3  4 |
---------------+-------------+-----
Dodging        | 2 |  2.5
Fighting       | 2 |  2.6
Unarmed Combat | 4 |  4.3
Poison Magic   | 1 |  1.7
Spellcasting   | |  2.7
Transmutations | |  2.9

Action                   |  1- 3 |  4- 6 || total
-------------------------+-------+-------++-------
Melee: Unarmed           |    99 |   117 ||   216
       Kick              |     8 |    20 ||    28
       Headbutt          |     7 |    13 ||    20
       Tailslap          |     8 |    11 ||    19
       Punch             |     1 |     1 ||     2
 Cast: Beastly Appendage |    22 |    17 ||    39
       Spider Form       |     1 |     3 ||     4
  Use: Potion            |       |     6 ||     6
       Scroll            |       |     1 ||     1
 Stab: Sleeping          |     2 |       ||     2
Armor: Skin              |    39 |    27 ||    66
Dodge: Dodged            |    70 |    74 ||   144

Table legend: (Time is in decaauts)
 A = Elapsed time spent in this place.
 B = Non-inter-level travel time spent in this place.
 C = Inter-level travel time spent in this place.
 D = Time resting spent in this place.
 E = Time spent auto-exploring this place.
 F = Levels seen in this place.
 G = Mean time per level.
                   A        B        C        D        E       F      G
               +--------+--------+--------+--------+--------+-----+--------+
         Total |   3885 |   3793 |     92 |    603 |   2522 |   4 |  971.2 |
       Dungeon |   3885 |   3793 |     92 |    603 |   2522 |   4 |  971.2 |
               +--------+--------+--------+--------+--------+-----+--------+

Top non-repeatable levels by time:
     D:2: 1698 daAuts
     D:3: 1018 daAuts
     D:1: 1012 daAuts
     D:4: 156 daAuts
